General information
- name: BNet
- type: Ladder team game (AT/RT)
- host: Battle.net
- saver: NIGHTMAREWORLD
map: FullScaleAssault
- players: 8
- length: 51:25
- speed: Fast
- version: 1.28 W3XP
- replay type: Public
» download(481 KB)
Players
team 1 (winner)

»
darksideofhemp (
teal | 65 APM | 2928 actions | 44:57)
8 Blademaster
3 Wind Walk
3 Critical Strike
2 Bladestorm
2 Shadow Hunter
1 Hex
1 Healing Wave
» actions
| Assign group hotkey | 41 | |
| Basic commands | 221 | |
| Build / train | 93 | |
| Enter build submenu | 17 | |
| Enter hero's abilities submenu | 12 | |
| Remove unit from queue | 9 | |
| Right click | 1558 | |
| Select / deselect | 557 | |
| Select group hotkey | 163 | |
| Use ability | 257 | |
2928 total
» units
| Peon | 11 | |
| Raider | 6 | |
| Troll Batrider | 24 | |
| Goblin Zeppelin | 1 | |
| Wind Rider | 2 | |
| Tauren | 2 | |
46 total
» upgrades
| Melee Weapons | 3 | |
| Ensnare | 1 | |
| Armor | 2 | |
| Liquid Fire | 1 | |
| Ranged Weapons | 2 | |
9 total
» buildings
| Altar of Storms | 1 | |
| Orc Burrow | 6 | |
| Voodoo Lounge | 1 | |
| Stronghold | 1 | |
| War Mill | 1 | |
| Beastiary | 5 | |
| Fortress | 1 | |
| Great Hall | 1 | |
17 total
» build order
00:09 Altar of Storms
00:25 Orc Burrow
00:52 Voodoo Lounge
02:16 Orc Burrow
02:36 Stronghold
03:40 Orc Burrow
03:47 War Mill
05:01 Beastiary
05:03 Beastiary
05:28 Orc Burrow
06:41 Orc Burrow
07:52 Fortress
10:46 Beastiary
12:00 Orc Burrow
31:46 Beastiary
31:48 Beastiary
34:03 Great Hall
» items
| Lesser Clarity Potion | 2 | |
| Healing Salve | 4 | |
| Scroll of Speed | 1 | |
| Staff of Teleportation | 1 | |
| Boots of Speed | 1 | |
| Tiny Great Hall | 1 | |
| Dust of Appearance | 1 | |
| Potion of Lesser Invulnerability | 1 | |
| Orb of Corruption | 1 | |
13 total
NIGHTMAREWORLD (
orange | 110 APM | 5655 actions | 51:25)
8 Death Knight
3 Death Coil
3 Unholy Aura
1 Animate Dead
1 Death Pact
7 Lich
3 Frost Nova
3 Frost Armor
1 Death and Decay
6 Dark Ranger
3 Black Arrow
2 Silence
1 Charm
» actions
| Assign group hotkey | 46 | |
| Basic commands | 284 | |
| Build / train | 203 | |
| ESC pressed | 10 | |
| Enter build submenu | 55 | |
| Enter hero's abilities submenu | 22 | |
| Give item / drop item | 22 | |
| Right click | 1721 | |
| Select / deselect | 772 | |
| Select group hotkey | 2265 | |
| Use ability | 255 | |
5655 total
» units
| Acolyte | 19 | |
| Ghoul | 2 | |
| Crypt Fiend | 8 | |
| Goblin Shredder | 2 | |
| Goblin Zeppelin | 9 | |
| Blue Dragon | 3 | |
| Gargoyle | 8 | |
| Obsidian Statue | 4 | |
| Frost Wyrm | 1 | |
| Abomination | 1 | |
57 total
» upgrades
| Creature Attack | 3 | |
| Burrow | 2 | |
| Web | 1 | |
| Creature Carapace | 3 | |
| Freezing Breath | 1 | |
| Stone Form | 2 | |
| Destroyer Form | 1 | |
| Disease Cloud | 1 | |
| Unholy Armor | 3 | |
| Unholy Strength | 3 | |
| Cannibalize | 1 | |
| Ghoul Frenzy | 1 | |
22 total
» buildings
| Graveyard | 1 | |
| Crypt | 4 | |
| Altar of Darkness | 1 | |
| Ziggurat | 27 | |
| Tomb of Relics | 2 | |
| Halls of the Dead | 6 | |
| Necropolis | 6 | |
| Nerubian Tower | 11 | |
| Black Citadel | 3 | |
| Sacrificial Pit | 1 | |
| Spirit Tower | 36 | |
| Boneyard | 3 | |
| Slaughterhouse | 3 | |
104 total
» build order
00:06 Graveyard
00:09 Crypt
00:41 Altar of Darkness
00:56 Ziggurat
01:25 Tomb of Relics
02:01 Ziggurat
03:53 Ziggurat
04:18 Halls of the Dead
04:18 Halls of the Dead
04:18 Halls of the Dead
05:18 Necropolis
05:49 Ziggurat
06:40 Nerubian Tower
06:41 Nerubian Tower
08:25 Nerubian Tower
08:26 Black Citadel
08:26 Black Citadel
08:27 Black Citadel
08:32 Ziggurat
09:00 Ziggurat
09:10 Ziggurat
09:20 Ziggurat
09:22 Necropolis
12:15 Sacrificial Pit
12:18 Nerubian Tower
12:19 Spirit Tower
12:19 Spirit Tower
12:20 Spirit Tower
12:20 Spirit Tower
13:30 Boneyard
13:32 Boneyard
13:36 Boneyard
13:37 Halls of the Dead
13:37 Halls of the Dead
13:39 Ziggurat
13:41 Ziggurat
13:43 Ziggurat
14:06 Spirit Tower
14:06 Spirit Tower
14:07 Spirit Tower
14:08 Spirit Tower
14:17 Slaughterhouse
14:19 Slaughterhouse
14:50 Spirit Tower
14:50 Spirit Tower
14:50 Spirit Tower
14:51 Spirit Tower
14:51 Spirit Tower
15:31 Crypt
15:34 Crypt
15:36 Ziggurat
15:39 Crypt
15:42 Slaughterhouse
17:47 Spirit Tower
17:47 Spirit Tower
17:48 Spirit Tower
17:49 Nerubian Tower
17:49 Nerubian Tower
20:18 Necropolis
20:19 Ziggurat
20:21 Ziggurat
22:31 Nerubian Tower
22:31 Spirit Tower
30:58 Necropolis
33:54 Ziggurat
33:55 Halls of the Dead
33:56 Ziggurat
33:57 Ziggurat
33:59 Ziggurat
34:02 Ziggurat
34:51 Nerubian Tower
34:52 Spirit Tower
34:53 Spirit Tower
34:54 Spirit Tower
34:57 Spirit Tower
34:57 Spirit Tower
38:38 Necropolis
38:40 Ziggurat
38:41 Ziggurat
38:42 Ziggurat
38:44 Ziggurat
38:47 Ziggurat
40:32 Spirit Tower
40:32 Spirit Tower
40:32 Spirit Tower
40:33 Spirit Tower
41:01 Necropolis
41:06 Ziggurat
41:07 Ziggurat
41:10 Ziggurat
41:16 Spirit Tower
41:16 Spirit Tower
41:17 Spirit Tower
42:04 Nerubian Tower
42:04 Nerubian Tower
42:05 Nerubian Tower
42:05 Spirit Tower
42:05 Spirit Tower
42:06 Spirit Tower
42:11 Tomb of Relics
» items
| Rod of Necromancy | 4 | |
| Sacrificial Skull | 4 | |
| Scroll of Town Portal | 4 | |
| Orb of Corruption | 5 | |
| Scroll of Healing | 2 | |
| Potion of Lesser Invulnerability | 2 | |
| Periapt of Vitality | 1 | |
| Scroll of Protection | 1 | |
| Circlet of Nobility | 1 | |
| Staff of Teleportation | 2 | |
26 total
silent_knight (
pink | 58 APM | 2632 actions | 45:11)
4 Archmage
1 Summon Water Elemental
1 Blizzard
2 Brilliance Aura
5 Mountain King
2 Storm Bolt
2 Thunder Clap
1 Bash
» actions
| Assign group hotkey | 546 | |
| Basic commands | 185 | |
| Build / train | 116 | |
| Enter build submenu | 51 | |
| Enter hero's abilities submenu | 10 | |
| Remove unit from queue | 3 | |
| Right click | 500 | |
| Select / deselect | 359 | |
| Select group hotkey | 717 | |
| Use ability | 137 | |
2632 total
» units
| Peasant | 28 | |
| Footman | 4 | |
| Knight | 20 | |
| Priest | 11 | |
| Spell Breaker | 2 | |
| Sorceress | 1 | |
| Troll Witch Doctor | 2 | |
| Shaman | 1 | |
69 total
» upgrades
| Masonry | 1 | |
| Priest Training | 2 | |
| Animal War Training | 1 | |
| Plating | 2 | |
| Swords | 2 | |
| Lumber Harvesting | 1 | |
| Magic Sentry | 1 | |
| Control Magic | 1 | |
| Sorceress Training | 2 | |
13 total
» buildings
| Altar of Kings | 2 | |
| Farm | 15 | |
| Lumber Mill | 1 | |
| Barracks | 3 | |
| Scout Tower | 11 | |
| Blacksmith | 1 | |
| Guard Tower | 9 | |
| Arcane Vault | 2 | |
| Keep | 1 | |
| Town Hall | 3 | |
| Castle | 1 | |
| Arcane Sanctum | 3 | |
| Great Hall | 1 | |
53 total
» build order
00:57 Altar of Kings
01:01 Farm
01:07 Lumber Mill
01:53 Barracks
01:56 Farm
02:15 Farm
02:19 Scout Tower
02:27 Blacksmith
02:55 Guard Tower
03:08 Farm
03:13 Scout Tower
03:34 Farm
03:43 Guard Tower
03:52 Scout Tower
03:56 Farm
04:17 Farm
04:22 Guard Tower
04:25 Scout Tower
04:43 Arcane Vault
04:47 Keep
04:55 Guard Tower
05:59 Barracks
06:17 Farm
06:40 Town Hall
07:15 Castle
08:13 Guard Tower
08:19 Guard Tower
08:59 Arcane Sanctum
09:06 Arcane Sanctum
09:09 Arcane Sanctum
09:53 Farm
10:39 Farm
11:19 Farm
11:58 Farm
12:40 Farm
14:10 Farm
14:57 Scout Tower
14:59 Scout Tower
15:01 Scout Tower
15:29 Guard Tower
15:33 Scout Tower
16:41 Guard Tower
17:50 Barracks
17:56 Arcane Vault
19:05 Altar of Kings
20:23 Town Hall
21:49 Farm
24:16 Town Hall
36:14 Scout Tower
36:16 Scout Tower
36:18 Scout Tower
37:36 Guard Tower
44:38 Great Hall
» items
| Scroll of Regeneration | 3 | |
| Ivory Tower | 4 | |
| Scroll of Town Portal | 1 | |
| Staff of Sanctuary | 1 | |
9 total

»
Jimme (
red | 28 APM | 666 actions | 23:36)
5 Blademaster
1 Mirror Image
3 Critical Strike
1 Wind Walk
2 Shadow Hunter
1 Healing Wave
1 Hex
» actions
| Basic commands | 19 | |
| Build / train | 91 | |
| Enter build submenu | 27 | |
| Enter hero's abilities submenu | 9 | |
| Give item / drop item | 6 | |
| Remove unit from queue | 2 | |
| Right click | 233 | |
| Select / deselect | 229 | |
| Use ability | 50 | |
666 total
» units
| Peon | 18 | |
| Grunt | 5 | |
| Mur'gul Snarecaster | 1 | |
| Makrura Deepseer | 1 | |
| Troll Witch Doctor | 3 | |
| Shaman | 2 | |
| Goblin Shredder | 1 | |
| Goblin Zeppelin | 1 | |
| Tauren | 4 | |
| Kodo Beast | 1 | |
| Wind Rider | 3 | |
| Raider | 1 | |
41 total
» upgrades
| Melee Weapons | 4 | |
| Armor | 4 | |
| Ranged Weapons | 3 | |
| Spiked Barricades | 2 | |
| Witch Doctor Training | 2 | |
| Shaman Training | 2 | |
| War Drums Damage Increase | 1 | |
| Pulverize | 1 | |
| Envenomed Spears | 1 | |
| Reinforced Defenses | 1 | |
| Ensnare | 1 | |
| Pillage | 1 | |
23 total
» buildings
| Orc Burrow | 8 | |
| Barracks | 1 | |
| Altar of Storms | 1 | |
| War Mill | 1 | |
| Voodoo Lounge | 1 | |
| Great Hall | 2 | |
| Watch Tower | 6 | |
| Stronghold | 1 | |
| Fortress | 1 | |
| Spirit Lodge | 2 | |
| Beastiary | 1 | |
| Tauren Totem | 2 | |
27 total
» build order
00:15 Orc Burrow
02:01 Orc Burrow
02:12 Barracks
02:19 Altar of Storms
03:09 Orc Burrow
03:28 War Mill
03:34 Voodoo Lounge
04:14 Orc Burrow
05:58 Great Hall
06:11 Watch Tower
06:33 Stronghold
08:09 Watch Tower
09:20 Watch Tower
09:31 Fortress
11:10 Spirit Lodge
11:15 Spirit Lodge
11:21 Beastiary
11:32 Orc Burrow
11:58 Watch Tower
12:52 Tauren Totem
13:05 Orc Burrow
13:55 Tauren Totem
17:50 Great Hall
17:59 Orc Burrow
18:01 Orc Burrow
20:21 Watch Tower
21:51 Watch Tower
» items
| Healing Salve | 3 | |
| Scroll of Town Portal | 4 | |
| Potion of Healing | 3 | |
| Orb of Lightning | 2 | |
| Scroll of Speed | 2 | |
14 total
team 2 (loser)

»
Legionnaire (
yellow | 49 APM | 1910 actions | 39:21)
5 Mountain King
3 Storm Bolt
2 Bash
4 Archmage
2 Summon Water Elemental
2 Brilliance Aura
2 Paladin
1 Holy Light
1 Devotion Aura
» actions
| Assign group hotkey | 47 | |
| Basic commands | 257 | |
| Build / train | 99 | |
| ESC pressed | 8 | |
| Enter build submenu | 39 | |
| Enter hero's abilities submenu | 12 | |
| Give item / drop item | 1 | |
| Remove unit from queue | 1 | |
| Right click | 425 | |
| Select / deselect | 400 | |
| Select group hotkey | 476 | |
| Use ability | 145 | |
1910 total
» units
| Peasant | 14 | |
| Footman | 7 | |
| Knight | 7 | |
| Priest | 7 | |
| Siege Engine | 7 | |
42 total
» upgrades
| Defend | 1 | |
| Swords | 3 | |
| Plating | 3 | |
| Priest Training | 2 | |
| Animal War Training | 1 | |
| Lumber Harvesting | 1 | |
| Masonry | 1 | |
| Gunpowder | 3 | |
| Barrage | 1 | |
16 total
» buildings
| Altar of Kings | 1 | |
| Farm | 13 | |
| Barracks | 2 | |
| Lumber Mill | 1 | |
| Scout Tower | 12 | |
| Arcane Vault | 2 | |
| Arcane Tower | 3 | |
| Blacksmith | 1 | |
| Keep | 1 | |
| Town Hall | 2 | |
| Arcane Sanctum | 1 | |
| Guard Tower | 4 | |
| Castle | 1 | |
| Workshop | 3 | |
47 total
» build order
00:22 Altar of Kings
00:48 Farm
00:56 Barracks
01:15 Lumber Mill
01:57 Farm
01:59 Farm
02:23 Scout Tower
02:38 Arcane Vault
02:41 Arcane Vault
02:55 Arcane Tower
02:55 Arcane Tower
03:07 Barracks
03:15 Farm
03:16 Farm
03:44 Blacksmith
05:28 Keep
05:46 Town Hall
06:33 Scout Tower
06:35 Scout Tower
06:36 Scout Tower
07:32 Town Hall
07:37 Scout Tower
07:56 Arcane Sanctum
08:20 Farm
08:22 Farm
08:28 Guard Tower
08:28 Guard Tower
08:32 Scout Tower
08:34 Scout Tower
09:06 Castle
09:24 Guard Tower
09:26 Scout Tower
09:28 Scout Tower
09:49 Scout Tower
09:51 Scout Tower
09:53 Scout Tower
10:33 Guard Tower
10:37 Farm
10:48 Arcane Tower
15:45 Farm
15:46 Farm
15:47 Farm
15:47 Farm
18:30 Farm
19:51 Workshop
19:51 Workshop
19:53 Workshop
» items
| Scroll of Regeneration | 5 | |
| Lesser Clarity Potion | 3 | |
| Boots of Speed | 1 | |
| Orb of Fire | 2 | |
| Scroll of Town Portal | 4 | |
| Orb of Corruption | 1 | |
16 total

»
wadi (
blue | 44 APM | 2226 actions | 50:39)
9 Death Knight
3 Death Coil
3 Unholy Aura
1 Animate Dead
2 Death Pact
» actions
| Build / train | 103 | |
| ESC pressed | 7 | |
| Enter build submenu | 30 | |
| Enter hero's abilities submenu | 9 | |
| Remove unit from queue | 1 | |
| Right click | 1486 | |
| Select / deselect | 491 | |
| Use ability | 99 | |
2226 total
» units
| Acolyte | 22 | |
| Ghoul | 8 | |
| Crypt Fiend | 11 | |
| Frost Wyrm | 17 | |
| Goblin Zeppelin | 1 | |
59 total
» upgrades
| Creature Attack | 3 | |
| Web | 1 | |
| Creature Carapace | 3 | |
| Burrow | 1 | |
| Freezing Breath | 1 | |
9 total
» buildings
| Altar of Darkness | 1 | |
| Ziggurat | 14 | |
| Graveyard | 1 | |
| Crypt | 1 | |
| Tomb of Relics | 1 | |
| Nerubian Tower | 2 | |
| Necropolis | 2 | |
| Halls of the Dead | 1 | |
| Spirit Tower | 4 | |
| Black Citadel | 1 | |
| Sacrificial Pit | 1 | |
| Boneyard | 3 | |
32 total
» build order
00:12 Altar of Darkness
00:14 Ziggurat
00:57 Graveyard
01:06 Crypt
01:20 Tomb of Relics
01:34 Ziggurat
01:56 Nerubian Tower
04:24 Necropolis
04:31 Ziggurat
04:34 Ziggurat
05:09 Halls of the Dead
05:25 Spirit Tower
05:29 Ziggurat
06:16 Nerubian Tower
06:39 Ziggurat
06:41 Ziggurat
06:57 Ziggurat
07:24 Spirit Tower
07:50 Spirit Tower
07:53 Black Citadel
08:04 Sacrificial Pit
08:47 Spirit Tower
10:44 Boneyard
10:47 Boneyard
10:50 Boneyard
29:45 Ziggurat
29:47 Ziggurat
29:53 Ziggurat
36:57 Necropolis
39:03 Ziggurat
40:40 Ziggurat
43:47 Ziggurat
» items
| Rod of Necromancy | 1 | |
| Sacrificial Skull | 1 | |
| Scroll of Town Portal | 6 | |
| Orb of Lightning | 1 | |
| Potion of Mana | 1 | |
| Healing Salve | 1 | |
| Potion of Healing | 3 | |
| Staff of Teleportation | 1 | |
| Potion of Lesser Invulnerability | 1 | |
16 total
monster-mash- (
purple | 56 APM | 2877 actions | 51:24)
6 Blademaster
3 Wind Walk
2 Critical Strike
1 Bladestorm
» actions
| Assign group hotkey | 52 | |
| Basic commands | 215 | |
| Build / train | 77 | |
| Enter build submenu | 50 | |
| Enter hero's abilities submenu | 6 | |
| Give item / drop item | 2 | |
| Remove unit from queue | 1 | |
| Right click | 1099 | |
| Select / deselect | 476 | |
| Select group hotkey | 661 | |
| Use ability | 238 | |
2877 total
» units
| Peon | 12 | |
| Goblin Shredder | 3 | |
| Wind Rider | 7 | |
| Goblin Zeppelin | 3 | |
| Troll Batrider | 5 | |
| Goblin Sapper | 5 | |
| Blue Dragon | 1 | |
| Raider | 2 | |
38 total
» upgrades
| Reinforced Defenses | 1 | |
| Ranged Weapons | 2 | |
| Armor | 2 | |
| Ensnare | 1 | |
| Liquid Fire | 1 | |
| Envenomed Spears | 1 | |
8 total
» buildings
| Altar of Storms | 1 | |
| Orc Burrow | 7 | |
| Voodoo Lounge | 1 | |
| Stronghold | 3 | |
| War Mill | 1 | |
| Fortress | 1 | |
| Beastiary | 11 | |
| Watch Tower | 81 | |
| Great Hall | 1 | |
107 total
» build order
00:08 Altar of Storms
00:21 Orc Burrow
01:17 Voodoo Lounge
02:05 Stronghold
02:31 Orc Burrow
02:32 Orc Burrow
02:33 Orc Burrow
02:44 War Mill
04:41 Fortress
04:50 Beastiary
05:15 Beastiary
06:03 Beastiary
06:26 Beastiary
06:30 Watch Tower
06:31 Watch Tower
06:37 Watch Tower
06:38 Watch Tower
07:32 Watch Tower
09:27 Watch Tower
09:28 Watch Tower
09:29 Watch Tower
10:21 Watch Tower
10:21 Watch Tower
10:22 Watch Tower
10:40 Watch Tower
10:40 Watch Tower
10:40 Watch Tower
10:58 Watch Tower
10:59 Watch Tower
11:48 Watch Tower
11:50 Watch Tower
11:54 Watch Tower
12:14 Watch Tower
12:16 Watch Tower
12:28 Beastiary
12:34 Beastiary
13:02 Watch Tower
13:02 Watch Tower
13:05 Watch Tower
14:48 Beastiary
15:39 Watch Tower
15:39 Watch Tower
15:40 Watch Tower
15:40 Watch Tower
15:41 Watch Tower
16:57 Watch Tower
16:58 Watch Tower
16:58 Watch Tower
16:59 Watch Tower
17:00 Watch Tower
17:11 Beastiary
17:17 Watch Tower
18:01 Orc Burrow
18:32 Watch Tower
18:32 Watch Tower
18:48 Beastiary
19:10 Beastiary
19:18 Beastiary
19:52 Watch Tower
19:53 Watch Tower
20:00 Watch Tower
20:09 Watch Tower
20:09 Watch Tower
21:09 Stronghold
21:21 Orc Burrow
22:50 Watch Tower
22:50 Watch Tower
22:52 Watch Tower
23:46 Watch Tower
24:35 Watch Tower
24:35 Watch Tower
25:56 Watch Tower
25:57 Watch Tower
25:57 Watch Tower
26:04 Watch Tower
26:04 Watch Tower
26:05 Watch Tower
26:06 Watch Tower
26:09 Watch Tower
26:09 Watch Tower
26:45 Watch Tower
26:46 Watch Tower
26:46 Watch Tower
26:46 Watch Tower
27:41 Watch Tower
27:41 Watch Tower
27:41 Watch Tower
31:58 Orc Burrow
37:19 Watch Tower
37:20 Watch Tower
37:20 Watch Tower
37:21 Watch Tower
37:21 Watch Tower
37:21 Watch Tower
37:22 Watch Tower
37:50 Great Hall
37:54 Watch Tower
37:54 Watch Tower
37:55 Watch Tower
37:55 Watch Tower
37:57 Watch Tower
37:59 Watch Tower
37:59 Watch Tower
38:00 Watch Tower
38:03 Watch Tower
38:04 Watch Tower
40:10 Stronghold
» items
| Healing Salve | 4 | |
| Lesser Clarity Potion | 1 | |
| Staff of Teleportation | 1 | |
| Tiny Great Hall | 3 | |
| Scroll of Town Portal | 7 | |
| Orb of Lightning | 1 | |
17 total
MountainKINGS (
green | 66 APM | 2673 actions | 40:32)
5 Dark Ranger
3 Black Arrow
2 Silence
3 Death Knight
1 Death Coil
1 Unholy Aura
1 Death Pact
4 Lich
2 Frost Nova
1 Frost Armor
1 Dark Ritual
» actions
| Assign group hotkey | 46 | |
| Basic commands | 1 | |
| Build / train | 96 | |
| Enter build submenu | 41 | |
| Enter hero's abilities submenu | 15 | |
| Give item / drop item | 3 | |
| Remove unit from queue | 4 | |
| Right click | 1888 | |
| Select / deselect | 424 | |
| Select group hotkey | 30 | |
| Use ability | 125 | |
2673 total
» units
| Acolyte | 15 | |
| Ghoul | 6 | |
| Frost Wyrm | 8 | |
| Goblin Shredder | 2 | |
| Goblin Zeppelin | 4 | |
| Mur'gul Snarecaster | 1 | |
36 total
» upgrades
| Freezing Breath | 1 | |
| Creature Attack | 2 | |
| Creature Carapace | 2 | |
5 total
» buildings
| Ziggurat | 28 | |
| Crypt | 1 | |
| Graveyard | 1 | |
| Altar of Darkness | 1 | |
| Tomb of Relics | 1 | |
| Halls of the Dead | 2 | |
| Black Citadel | 2 | |
| Spirit Tower | 4 | |
| Nerubian Tower | 7 | |
| Sacrificial Pit | 1 | |
| Boneyard | 5 | |
| Slaughterhouse | 1 | |
| Necropolis | 3 | |
57 total
» build order
00:11 Ziggurat
00:41 Crypt
00:45 Graveyard
01:13 Altar of Darkness
01:23 Ziggurat
01:57 Tomb of Relics
04:18 Halls of the Dead
04:18 Halls of the Dead
05:26 Ziggurat
05:27 Ziggurat
05:36 Ziggurat
05:40 Ziggurat
05:44 Ziggurat
06:31 Ziggurat
06:32 Ziggurat
06:35 Ziggurat
06:38 Ziggurat
06:52 Black Citadel
06:53 Black Citadel
07:07 Spirit Tower
07:08 Nerubian Tower
07:08 Nerubian Tower
07:09 Nerubian Tower
07:21 Nerubian Tower
07:21 Nerubian Tower
07:36 Spirit Tower
07:37 Nerubian Tower
07:52 Ziggurat
07:55 Ziggurat
08:11 Spirit Tower
08:14 Spirit Tower
08:15 Nerubian Tower
08:41 Sacrificial Pit
09:39 Boneyard
09:41 Boneyard
09:44 Boneyard
09:45 Boneyard
09:50 Boneyard
20:04 Slaughterhouse
22:42 Ziggurat
22:44 Ziggurat
22:45 Ziggurat
22:46 Ziggurat
22:47 Ziggurat
26:43 Necropolis
26:48 Ziggurat
26:50 Ziggurat
26:50 Ziggurat
26:51 Ziggurat
26:53 Ziggurat
26:54 Ziggurat
26:54 Ziggurat
28:43 Necropolis
31:05 Necropolis
31:35 Ziggurat
31:36 Ziggurat
31:39 Ziggurat
» items
| Sacrificial Skull | 1 | |
| Dust of Appearance | 1 | |
| Potion of Mana | 2 | |
| Rod of Necromancy | 1 | |
| Orb of Corruption | 1 | |
| Boots of Speed | 1 | |
| Staff of Teleportation | 1 | |
| Potion of Healing | 1 | |
| Scroll of Healing | 2 | |
| Scroll of Town Portal | 3 | |
14 total
Chat log
(04:52 / Allies) NIGHTMAREWORLD: 100 wood if you can
(04:59 / Allies) NIGHTMAREWORLD: ty
(08:05 / Allies) Jimme: dark side take the mine
(08:24 / Allies) darksideofhemp: lets hit purp and run
(09:31 / Allies) darksideofhemp: split
(15:39 / Allies) darksideofhemp: all
(17:16 / Allies) Jimme: b
(17:31 / Allies) Jimme: who aa
(17:41 / Allies) Jimme: keep getting some knights
(17:42 / Allies) NIGHTMAREWORLD: massing now
(17:46 / Allies) NIGHTMAREWORLD: getting gargs wyrms and statues
(19:05 / Allies) Jimme: all
(19:10 / Allies) NIGHTMAREWORLD: got my army now
(20:36 / Allies) Jimme: hemp get mine on top
(22:49 / Allies) darksideofhemp: hold me
(23:30 / All) MountainKINGS: FREE WIN GUYS
(23:36 / All) NIGHTMAREWORLD: d
(23:37 / All) MountainKINGS: purple have 3 xpo and nothing
(23:48 / All) MountainKINGS: yellow is a fuck DUMB
(24:05 / All) Legionnaire: not my fault smoked weed
(24:12 / All) MountainKINGS: PURPLE 7K AND GOLD AND WOOD
(24:13 / All) MountainKINGS: LOL
(24:15 / All) MountainKINGS: OMG
(24:25 / All) MountainKINGS: I CAN BELIEVE
(24:31 / All) wadi: 7k
(24:31 / All) MountainKINGS: IS BULLSHIT
(24:41 / Allies) darksideofhemp: hakkll
(24:43 / All) MountainKINGS: STUPID NEWBIE
(24:52 / All) Legionnaire: nigga I been around the block
(24:55 / All) MountainKINGS: WHAT FUCK THIS GUYS WANNA LOST UR FUCK TIME
(25:00 / All) MountainKINGS: FOR WHAT ???
(25:18 / All) MountainKINGS: BACK NOOOB
(26:51 / Allies) darksideofhemp: tp
(27:40 / All) NIGHTMAREWORLD: lol
(28:05 / All) MountainKINGS: purple is sfk
(28:22 / All) Legionnaire: didn't even notice he wasn't playing
(29:04 / Allies) darksideofhemp: no
(29:19 / Allies) darksideofhemp: back
(29:53 / Allies) darksideofhemp: meet
(32:01 / Allies) darksideofhemp: go?
(33:05 / Allies) darksideofhemp: bavk
(33:41 / Allies) darksideofhemp: mett all hit
(34:43 / Allies) darksideofhemp: go?
(34:49 / Allies) silent_knight: yes
(35:13 / All) MountainKINGS: 5k
(35:44 / All) NIGHTMAREWORLD: fucking tank bot
(35:54 / All) Legionnaire: yeah i don't care
(36:08 / All) Legionnaire: gave up long time ago
(36:14 / All) NIGHTMAREWORLD: I believe you completely
(36:15 / All) Legionnaire: greens an idiot
(36:19 / All) NIGHTMAREWORLD: you were totally giving up
(36:26 / All) monster-mash-: green is definitely an idiot lawl
(36:34 / All) NIGHTMAREWORLD: but what should I expect when it's halloween night
(36:50 / All) Legionnaire: first night I haven't drank in a while
(36:51 / All) NIGHTMAREWORLD: BOO
(37:06 / All) MountainKINGS: not gg
(37:06 / All) Legionnaire: so tired and don't care
(37:18 / All) MountainKINGS: just finniuh
(37:19 / All) NIGHTMAREWORLD: It was a good game for me
(37:31 / All) MountainKINGS: purple win alone
(37:32 / All) Legionnaire: yeah you pretty good orange
(37:34 / All) Legionnaire: ill admit
(37:38 / All) MountainKINGS: believe him
(37:42 / All) monster-mash-: orange is pro
(37:51 / All) NIGHTMAREWORLD: I don't even normally play undead
(37:54 / All) MountainKINGS: and ur is a grabage
(38:00 / All) NIGHTMAREWORLD: but I find like getting some ghouls and abominations tonight
(38:07 / All) MountainKINGS: trash gabarge
(38:16 / All) Legionnaire: you can't call orange garbage
(38:20 / All) NIGHTMAREWORLD: what does it say about you if you're beaten by trash garbage
(38:25 / All) NIGHTMAREWORLD: Don't be so hard on yourself green
(38:41 / All) MountainKINGS: man good luck
(39:06 / All) MountainKINGS: is not funny players with stupid people
(39:15 / All) darksideofhemp: aggreed
(39:18 / All) Legionnaire: gg
(39:18 / All) MountainKINGS: im showers
(39:18 / All) NIGHTMAREWORLD: so you don't like playing with yourselves?
(39:23 / All) MountainKINGS: good nigth
(39:27 / All) monster-mash-: green is a nub
(39:28 / All) NIGHTMAREWORLD: some serious self deprecation here tonight
(40:08 / All) NIGHTMAREWORLD: Leave there fast blue
(40:14 / All) NIGHTMAREWORLD: cuz I'm COMING FOR YOU!
(41:10 / Allies) darksideofhemp: i get him
(42:16 / Allies) darksideofhemp: tp
(42:18 / Allies) darksideofhemp: tp
(43:51 / Allies) silent_knight: anyone hve any gold?
(45:19 / All) NIGHTMAREWORLD: Bad luck, blue
(45:25 / All) NIGHTMAREWORLD: because now it's a loss for you
(46:43 / All) wadi: why did u kill me purple?
(48:47 / All) wadi: lol
(49:16 / All) wadi: u play both sides
(49:28 / All) NIGHTMAREWORLD: I play 2 player in 4v4 player
(49:53 / All) NIGHTMAREWORLD: guess what, blue?
(49:58 / All) wadi: ??
(50:02 / All) monster-mash-: HAPPY HALLOWEEN
(50:07 / All) NIGHTMAREWORLD: HAPPY HALLOWEEN
(50:07 / All) wadi: u 2
(50:56 / All) monster-mash-: who lose
(51:00 / All) NIGHTMAREWORLD: let's stats
(51:12 / All) monster-mash-: i dint like green
(51:17 / All) NIGHTMAREWORLD: my team is all below 50%
(51:20 / All) NIGHTMAREWORLD: Green loses
(51:22 / All) NIGHTMAREWORLD: your team